 Dungeon Crawl Stone Soup version 0.21.1-1-g345015f (webtiles) character file.

24 Goblin1989 the Insei (level 2, -1/21 HPs)
             Began as a Demonspawn Transmuter on Mar 20, 2018.
             Slain by a gnoll
             ... wielding a +0 whip
              (4 damage)
             ... on level 1 of the Dungeon on Mar 28, 2018.
             The game lasted 00:05:02 (1463 turns).

Goblin1989 the Insei (Demonspawn Transmuter)        Turns: 1463, Time: 00:05:03

Health: -1/21      AC:  2    Str: 10    XL:     2   Next: 79%
Magic:  4/5        EV: 12    Int: 14    God:
Gold:   49         SH:  0    Dex: 13    Spells: 4/5 levels left

rFire    . . .     SeeInvis .     - Unarmed
rCold    . . .     Gourm    .   (no shield)
rNeg     . . .     Faith    .   b - +0 robe
rPois    .         Spirit   .   (no helmet)
rElec    .         Reflect  .   (no cloak)
rCorr    .         Harm     .   (no gloves)
MR       .....                  (no boots)
Stlth    +.........             (no amulet)
HPRegen  0.07/turn              (no ring)
MPRegen  0.09/turn              (no ring)

@: appendage
A: horns 2, powered by death 1
a: End Transformation


You were on level 1 of the Dungeon.
You were not hungry.
You had grown temporary horns.
You visited 1 branch of the dungeon, and saw 2 of its levels.

You collected 49 gold pieces.

Inventory:

Hand Weapons
 t - a cursed -1 dagger
Missiles
 a - 31 arrows
 i - 22 stones (quivered) {@Q3}
Armour
 b - a +0 robe (worn)
 r - a +3 scale mail
 s - a cursed +0 chain mail
Scrolls
 f - a scroll of fog {unknown}
 j - 2 scrolls of identify {unknown}
 k - a scroll of teleportation {unknown}
 l - a scroll of fear {unknown}
 q - a scroll of remove curse {unknown}
 u - a scroll of immolation {unknown}
Potions
 h - 2 potions of lignification {unknown}
 n - a potion of brilliance {unknown}
 o - a potion of might {unknown}
 p - a potion of haste {unknown}
 w - a potion of agility {unknown}
Books
 c - a book of Changes

   Spells                             Type                      Level
   a - Beastly Appendage              Transmutation                1
   b - Sticks to Snakes               Transmutation                2
   c - Spider Form                    Transmutation/Poison         3
   d - Ice Form                       Ice/Transmutation            4
   e - Blade Hands                    Transmutation                5
Comestibles
 e - 5 rations


   Skills:
 - Level 1.0 Fighting
 - Level 1.7 Dodging
 + Level 3.7 Unarmed Combat
 - Level 2.0 Spellcasting
 - Level 1.7 Transmutations


You had 4 spell levels left.
You knew the following spells:

 Your Spells              Type           Power        Failure   Level  Hunger
a - Beastly Appendage     Tmut           #.....       12%         1    ##.....


Dungeon Overview and Level Annotations

Branches:
Dungeon (2/15)

Altars:


Innate Abilities, Weirdness & Mutations

You regenerate a little health from kills.
You have a pair of horns on your head.


Message History

You kill the frilled lizard!
There is a stone staircase leading down here.
You climb downwards.
A giant cockroach comes into view.
Found a stone staircase leading down.
There is a stone staircase leading up here.
You see here a shiny scale mail.
r - a shiny scale mail A goblin comes into view.
It is wielding an enchanted dagger.
You hit the giant cockroach.
You kill the giant cockroach!
There is a stone staircase leading up here.
Casting: Beastly Appendage
Confirm with . or Enter, or press ? or * to list all spells.
Your feet morph into talons.
You now have 4/5 mp.
You closely miss the goblin.
You kill the goblin!
Your transformation is almost over.
You see here an enchanted dagger.
You see here an enchanted dagger.
MP restored: 5 Your talons disappear.
You see here a shiny chain mail.
s - a shiny chain mail You see here an enchanted dagger.
e - 5 rations (gained 1)
You see here an enchanted dagger.
t - an enchanted dagger
There is a stone staircase leading down here.
u - a scroll labeled OSOBI CAOCZEAD Key pressed, stopping explore.
Unknown command.
There is a stone staircase leading down here.
There is a stone staircase leading up here.
You butcher the giant cockroach corpse.
v - a chunk of flesh You now have 49 gold pieces (gained 18).
w - a coppery potion The gnoll shouts!
You hear a shout! x2
Casting: Beastly Appendage
Confirm with . or Enter, or press ? or * to list all spells.
Your feet morph into talons.
The gnoll barely misses you.
You now have 4/5 mp.
You hit the gnoll.
The gnoll is lightly wounded.
You closely miss the gnoll.
The gnoll is lightly wounded.
The gnoll barely misses you.
You hit the gnoll.
The gnoll is heavily wounded.
The gnoll closely misses you.
You barely miss the gnoll.
The gnoll is heavily wounded.
The gnoll hits you with a club.
You take 5 damage, and have 16/21 hp.
MASSIVE DAMAGE!!
You closely miss the gnoll. You claw the gnoll.
The gnoll is almost dead.
The gnoll closely misses you.
You hit the gnoll.
You kill the gnoll!
Your transformation is almost over.
A gnoll comes into view. It is wielding a spear.
The gnoll shouts! x2
The gnoll barely misses you.
You see here a club.
MP restored: 5 You are feeling hungry.
There is a stone staircase leading up here.
Your talons disappear.
The gnoll hits you from afar with a spear.
You climb upwards.
There is a stone staircase leading down here.
You take 3 damage, and have 14/21 hp.
Eating a chunk of flesh.
You eat the chunk of flesh.
This raw flesh tastes terrible.
There is an open door here.
There is a stone staircase leading down here.
You regained 2 hp, and now have 16/21 hp.
You climb downwards.
There is a stone staircase leading up here.
The gnoll hits you from afar with a spear!
The gnoll barely misses you.
You climb upwards.
There is a stone staircase leading down here.
You take 7 damage, and have 10/21 hp.
MASSIVE DAMAGE!!
The gnoll hits you but does no damage.
Casting: Beastly Appendage
Confirm with . or Enter, or press ? or * to list all spells.
You grow a pair of large bovine horns.
The gnoll barely misses you.
You now have 4/5 mp.
You hit the gnoll.
The gnoll is lightly wounded.
The gnoll hits you with a whip!
* * * LOW HITPOINT WARNING * * *
You take 9 damage, and have 3/21 hp.
MASSIVE DAMAGE!!
You hit the gnoll.
The gnoll is lightly wounded.
The gnoll hits you with a whip.
You die... ███████ █.....█ █.███.█ ███████

█.█ █.█ ██.....█ █.█ █.█ █...██.█
█.█ █.█ .......█ ███ █.█ █.█
█...██.█ ███ ██.███.█ █.█
██.███.█ ██.███@█.██.███.█
██.███.████.█.█g███.█.█...█
...........███.█████..█.███
.█.███..███.█.███.....█.█████████
.█.█ █..████.█.██.██.██..........
...███............█.███..........
...............█.█.██ █.█████████
██∆███.........██.██ █.█....█
...████∆....8....██ █.█.██.█


You could see a gnoll.

Vanquished Creatures
  A gnoll (D:2)
  A dart slug (D:1)
  A leopard gecko (D:1)
  A giant cockroach (D:2)
  A goblin (D:2)
  2 hobgoblins (D:1)
  4 frilled lizards
  2 rats (D:1)
13 creatures vanquished.

Notes
Turn   | Place    | Note
-------+----------+-------------------------------------------
     0 | D:1      | Goblin1989 the Demonspawn Transmuter began the quest for the Orb.
     0 | D:1      | Reached XP level 1. HP: 15/15 MP: 3/3
   121 | D:1      | Reached skill level 3 in Unarmed Combat
   621 | D:1      | Gained mutation: You regenerate a little health from kills. [demonic ancestry]
   621 | D:1      | Reached XP level 2. HP: 13/21 MP: 5/5
  1143 | D:2      | Goblin1989: !lg . -log
  1143 | D:2      | beem: 2391. Goblin1989, XL27 DsAM, T:135147: https://crawl.xtahua.com/crawl/morgue/Goblin1989/morgue-Goblin1989-20180327-095738.txt
  1463 | D:1      | Slain by a gnoll

Skill      XL: |  1 |
---------------+----+-----
Unarmed Combat | 3 |  3.7
Fighting       | |  1.0
Dodging        | |  1.7
Spellcasting   | |  2.0
Transmutations | |  1.7

Action                   || total
-------------------------++-------
Melee: Unarmed           ||    42
       Kick              ||     3
       Punch             ||     1
 Cast: Beastly Appendage ||     7
 Stab: Sleeping          ||     1
  Eat: Chunk             ||     2
Armor: Robe              ||     5
Dodge: Dodged            ||    19

Vault maps used:
D:1:      nicolae_arrival_somewhat_less_tricky_arrival, patterned_corridor
D:2:      kennysheep_big_flooded_room,
          chequers_temple_overflow_statue_of_worship, minmay_pentomino_q4
